[Event "Portuguese-ch U14-20 2022"]
[Site "Fatima"]
[Date "2022.04.12"]
[Round "4.27"]
[White "Afonso, Joao Pedro"]
[Black "Lachever, Diogo Freire"]
[Result "1-0"]
[ECO "B03"]
[WhiteElo "1501"]
[BlackElo "1182"]
[Annotator "NA RC"]
[PlyCount "69"]
[EventDate "2022.04.10"]
[EventType "swiss"]
[EventCountry "POR"]
[SourceTitle "playchess.com"]
[Source "ChessBase"]
[SourceQuality "1"]
[TimeControl "5400+30"]

1. e4 Nf6 2. e5 Nd5 3. d4 d6 4. c4 Nb6 5. exd6 exd6 6. Nf3 Be7 7. Bd3 Bg4 8. Be3 Nc6 9. Nbd2 Bf6 10. Qb3 Qd7 11. O-O O-O 12. d5 Ne5 13. Nxe5 Bxe5 14. f4 Bf6 15. Qc2 g6 16. f5 Bxf5 17. Bxf5 gxf5 18. Rxf5 Be5 19. Bh6 Rfe8 20. Raf1 f6 21. Ne4 Bd4+ 22. Kh1 Qf7 23. Nxf6+ Bxf6 24. Qf2 Rf8 25. Bxf8 Rxf8 26. Rxf6 Qxf6 27. Qxf6 Rxf6 28. Rxf6 Nxc4 29. Rf2 Ne3 30. Rd2 Nc4 31. Rc2 Ne3 32. Rxc7 Nxd5 33. Rxb7 Ne3 34. Rxa7 d5 35. Rd7 1-0

[Event "Portuguese-ch U14-20 2022"]
[Site "Fatima"]
[Date "2022.04.12"]
[Round "4.28"]
[White "Marques, Afonso Mendes Pereir"]
[Black "Korotkyi, Daniyil"]
[Result "0-1"]
[ECO "B58"]
[WhiteElo "1550"]
[BlackElo "1726"]
[Annotator "NA RC"]
[PlyCount "110"]
[EventDate "2022.04.10"]
[EventType "swiss"]
[EventCountry "POR"]
[SourceTitle "playchess.com"]
[Source "ChessBase"]
[SourceQuality "1"]
[TimeControl "5400+30"]

1. e4 c5 2. Nf3 Nc6 3. d4 cxd4 4. Nxd4 d6 5. Nc3 Nf6 6. Be2 g6 7. Be3 Bg7 8. h3 O-O 9. Qd2 a6 10. O-O-O Bd7 11. g4 Nxd4 12. Bxd4 Qa5 13. Kb1 Bc6 14. f3 Nd7 15. Nd5 Qd8 16. Bxg7 Kxg7 17. h4 Bxd5 18. Qxd5 Qb6 19. h5 Nf6 20. Qd2 Rh8 21. Rh2 h6 22. hxg6 fxg6 23. Rdh1 g5 24. Bc4 Qc5 25. Be6 Qe5 26. Bf5 Qf4 27. Qxf4 gxf4 28. Kc1 Rad8 29. Be6 Nd7 30. Bxd7 Rxd7 31. g5 h5 32. Rxh5 Rxh5 33. Rxh5 Kg6 34. Rh4 e5 35. Rh2 Kxg5 36. c4 Rc7 37. b3 b5 38. Rc2 bxc4 39. bxc4 Kh4 40. Kd2 Kg3 41. Rc3 Kf2 42. Kc2 Rb7 43. Ra3 Rb6 44. Rd3 Ke2 45. Ra3 Rc6 46. Rc3 Rc7 47. Kb3 Rh7 48. c5 dxc5 49. Rxc5 Kxf3 50. Rxe5 Ke3 51. Kc2 f3 52. Rd5 Rc7+ 53. Kd1 f2 54. Rf5 Rd7+ 55. Kc1 Ke2 0-1

[Event "Portuguese-ch U14-20 2022"]
[Site "Fatima"]
[Date "2022.04.12"]
[Round "4.29"]
[White "Pacetti Terra, Nicolas"]
[Black "Torres Rodero, Francisco"]
[Result "1/2-1/2"]
[ECO "C50"]
[WhiteElo "1756"]
[BlackElo "2048"]
[Annotator "NA RC"]
[PlyCount "89"]
[EventDate "2022.04.10"]
[EventType "swiss"]
[EventCountry "POR"]
[SourceTitle "playchess.com"]
[Source "ChessBase"]
[SourceQuality "1"]
[TimeControl "5400+30"]

1. e4 e5 2. Nf3 Nc6 3. Bc4 Nf6 4. d3 Bc5 5. c3 d6 6. Nbd2 O-O 7. O-O Be6 8. Bb3 d5 9. exd5 Bxd5 10. Bc2 Re8 11. Nb3 Bd6 12. Bg5 h6 13. Bh4 e4 14. dxe4 Bxe4 15. Re1 Bxc2 16. Qxc2 Rxe1+ 17. Rxe1 Be7 18. Nbd4 Nxd4 19. Nxd4 Nd5 20. Bxe7 Nxe7 21. Qe4 Nc6 22. Nxc6 bxc6 23. Qe7 a6 24. f3 Qxe7 25. Rxe7 Rd8 26. Kf2 Rd2+ 27. Re2 Rd5 28. Ke3 Kf8 29. Rd2 Re5+ 30. Kd3 Rd5+ 31. Kc2 Re5 32. c4 Ke7 33. Kc3 c5 34. Kb3 Re6 35. Ka4 Rb6 36. b3 g5 37. Ka5 Rc6 38. Rd5 Ke8 39. h4 gxh4 40. f4 Ke7 41. f5 Kf6 42. a3 Kg5 43. Re5 Kf6 44. Rd5 Kg5 45. Re5 1/2-1/2

[Event "Portuguese-ch U14-20 2022"]
[Site "Fatima"]
[Date "2022.04.12"]
[Round "4.30"]
[White "Gaspar, Bernardo"]
[Black "Marques Serra, David"]
[Result "1-0"]
[ECO "A01"]
[WhiteElo "1365"]
[BlackElo "1734"]
[Annotator "NA RC"]
[PlyCount "77"]
[EventDate "2022.04.10"]
[EventType "swiss"]
[EventCountry "POR"]
[SourceTitle "playchess.com"]
[Source "ChessBase"]
[SourceQuality "1"]
[TimeControl "5400+30"]

1. b3 e5 2. Bb2 Nc6 3. e3 d5 4. Bb5 Qd6 5. Nf3 Bg4 6. Bxe5 Bxf3 7. Bxd6 Bxd1 8. Bxc6+ bxc6 9. Bxf8 Kxf8 10. Kxd1 Nf6 11. f3 a5 12. Nc3 g6 13. Re1 Re8 14. e4 d4 15. Na4 Nd7 16. Nb2 Nb6 17. Ke2 Ke7 18. Kd3 c5 19. Nc4 Nxc4 20. Kxc4 Kd6 21. e5+ Kc6 22. Re4 Re6 23. a3 Rhe8 24. f4 f6 25. Rae1 f5 26. R4e2 Rb8 27. Rb1 Ra8 28. b4 axb4 29. axb4 Ra4 30. c3 dxc3 31. dxc3 cxb4 32. Rxb4 Ra8 33. Rd2 Rae8 34. Ra4 R6e7 35. Ra6+ Kb7 36. Ra5 Kc6 37. Rc5+ Kb6 38. Rb2+ Ka6 39. Rcb5 1-0

[Event "Portuguese-ch U14-20 2022"]
[Site "Fatima"]
[Date "2022.04.12"]
[Round "4.31"]
[White "Almeida, Joao Pedro Dias"]
[Black "Reis, Pedro"]
[Result "1-0"]
[ECO "D02"]
[WhiteElo "1508"]
[BlackElo "1211"]
[Annotator "NA RC"]
[PlyCount "81"]
[EventDate "2022.04.10"]
[EventType "swiss"]
[EventCountry "POR"]
[SourceTitle "playchess.com"]
[Source "ChessBase"]
[SourceQuality "1"]
[TimeControl "5400+30"]

1. d4 d5 2. Nf3 Nf6 3. g3 Bf5 4. Bg2 e6 5. c4 Bd6 6. c5 Be7 7. Nc3 O-O 8. O-O Nbd7 9. Nh4 Bg6 10. Nxg6 hxg6 11. b4 a5 12. b5 Ne8 13. a4 f5 14. e4 c6 15. exd5 exd5 16. bxc6 bxc6 17. Nxd5 cxd5 18. Bxd5+ Kh7 19. Bxa8 Qxa8 20. Ba3 Ndf6 21. Re1 Rf7 22. Qb3 Nd5 23. c6 Qxc6 24. Bxe7 Rxe7 25. Rxe7 Nxe7 26. Re1 Ng8 27. Qb5 Qxb5 28. axb5 Nd6 29. b6 Nf6 30. Re6 Nb7 31. Re7 Nd6 32. b7 Nxb7 33. Rxb7 g5 34. Rb5 Kg6 35. Rxa5 Kf7 36. Rxf5 g4 37. Kf1 Ke6 38. Rxf6+ gxf6 39. Ke2 Kd5 40. Kd3 f5 41. Ke3 1-0

[Event "Portuguese-ch U14-20 2022"]
[Site "Fatima"]
[Date "2022.04.12"]
[Round "4.32"]
[White "Azevedo Junior, Joao Nunes"]
[Black "Bento, David"]
[Result "1-0"]
[ECO "B20"]
[WhiteElo "1831"]
[BlackElo "1282"]
[Annotator "NA RC"]
[PlyCount "73"]
[EventDate "2022.04.10"]
[EventType "swiss"]
[EventCountry "POR"]
[SourceTitle "playchess.com"]
[Source "ChessBase"]
[SourceQuality "1"]
[TimeControl "5400+30"]

1. e4 c5 2. g3 Nc6 3. Bg2 Nf6 4. Ne2 d5 5. exd5 Nxd5 6. Nbc3 e6 7. Nxd5 exd5 8. O-O d4 9. Re1 Be7 10. Nf4 O-O 11. c4 d3 12. Nd5 Bf6 13. Qb3 Nd4 14. Qxd3 Bf5 15. Be4 Re8 16. f3 b5 17. Kf2 Nxf3 18. Kxf3 Bd4 19. Qf1 Bxe4+ 20. Rxe4 Rxe4 21. Kxe4 Qg5 22. d3 Re8+ 23. Kf3 Qh5+ 24. g4 Qxh2 25. Rb1 bxc4 26. dxc4 Qc2 27. Bf4 Qe4+ 28. Kg3 g5 29. Bxg5 Be5+ 30. Kh4 h5 31. Qf5 Qxc4 32. Nf6+ Bxf6 33. Bxf6 Qxg4+ 34. Qxg4+ hxg4 35. Kxg4 Re6 36. Kf5 a5 37. Rh1 1-0

[Event "Portuguese-ch U14-20 2022"]
[Site "Fatima"]
[Date "2022.04.12"]
[Round "4.33"]
[White "Cabral, Francisco Manuel N V"]
[Black "De Medeiros, Sara Soares"]
[Result "0-1"]
[ECO "D37"]
[WhiteElo "1121"]
[BlackElo "1828"]
[Annotator "NA RC"]
[PlyCount "94"]
[EventDate "2022.04.10"]
[EventType "swiss"]
[EventCountry "POR"]
[SourceTitle "playchess.com"]
[Source "ChessBase"]
[SourceQuality "1"]
[TimeControl "5400+30"]

1. d4 d5 2. c4 e6 3. Nc3 Be7 4. Bf4 Nf6 5. Nf3 O-O 6. e3 a6 7. cxd5 exd5 8. Bd3 Re8 9. O-O Nbd7 10. Rc1 c6 11. Qc2 Nf8 12. h3 Ng6 13. Bh2 Bf8 14. Rfe1 Be6 15. Na4 Bd6 16. Bxd6 Qxd6 17. Qc5 Qc7 18. Qb6 Qe7 19. Qc5 Rab8 20. b4 Nd7 21. Qxe7 Nxe7 22. Nc5 Nb6 23. Nd2 Bf5 24. Bxf5 Nxf5 25. a4 Nd6 26. a5 Na8 27. Rc2 Nc7 28. Nd7 Rbc8 29. Ra1 f6 30. Kf1 Ncb5 31. Ke2 Nxd4+ 32. Kd3 Nxc2 33. Kxc2 Ne4 34. Nxe4 dxe4 35. Nc5 Re7 36. Rd1 Kf7 37. Rd4 f5 38. Rd1 Ke8 39. Nb3 Rd7 40. Rxd7 Kxd7 41. Nc5+ Ke7 42. g4 g6 43. Nb3 Kf6 44. gxf5 Kxf5 45. Nd4+ Ke5 46. Nb3 Rf8 47. Kc3 Rxf2 0-1

[Event "Portuguese-ch U14-20 2022"]
[Site "Fatima"]
[Date "2022.04.12"]
[Round "4.34"]
[White "Caturra, Rafael Dias"]
[Black "Camacho, Filipa Fernandes Bri"]
[Result "0-1"]
[ECO "A34"]
[WhiteElo "1086"]
[BlackElo "1467"]
[Annotator "NA RC"]
[PlyCount "68"]
[EventDate "2022.04.10"]
[EventType "swiss"]
[EventCountry "POR"]
[SourceTitle "playchess.com"]
[Source "ChessBase"]
[SourceQuality "1"]
[TimeControl "5400+30"]

1. c4 c5 2. Nc3 e6 3. Nf3 Nf6 4. g3 Be7 5. Bg2 O-O 6. O-O Nc6 7. d4 cxd4 8. Nxd4 a6 9. b3 Bc5 10. Nf3 Ne7 11. Qc2 Qc7 12. Bb2 d5 13. cxd5 Nexd5 14. Rac1 Nb4 15. Qb1 Be7 16. Nd5 Qd8 17. Nxe7+ Qxe7 18. Ba3 a5 19. Rc4 Re8 20. Ne5 Qd8 21. Bxb4 axb4 22. Rd1 Qa5 23. Nd3 Nd5 24. Bxd5 exd5 25. Rd4 Qxa2 26. Qxa2 Rxa2 27. e3 Ra3 28. Rxb4 d4 29. Rxd4 h5 30. Nc5 Kh7 31. Rd8 Bg4 32. Rxe8 Bxd1 33. Rb8 Bf3 34. h4 Ra1+ 0-1

[Event "Portuguese-ch U14-20 2022"]
[Site "Fatima"]
[Date "2022.04.12"]
[Round "4.37"]
[White "Cabete, Manuel"]
[Black "Mourao, Martim Oliveira"]
[Result "1-0"]
[ECO "C66"]
[WhiteElo "1233"]
[BlackElo "1110"]
[Annotator "NA RC"]
[PlyCount "85"]
[EventDate "2022.04.10"]
[EventType "swiss"]
[EventCountry "POR"]
[SourceTitle "playchess.com"]
[Source "ChessBase"]
[SourceQuality "1"]
[TimeControl "5400+30"]

1. e4 e5 2. Nf3 Nc6 3. Nc3 Nf6 4. Bb5 d6 5. d4 Bd7 6. O-O Be7 7. dxe5 Nxe5 8. Nxe5 dxe5 9. Qe2 a6 10. Bxd7+ Qxd7 11. Bg5 O-O 12. Bxf6 Bxf6 13. Nd5 Bd8 14. Rad1 Qe6 15. Rd3 c6 16. Ne3 Bf6 17. b3 g6 18. Rfd1 Rad8 19. h3 Rfe8 20. Ng4 Rxd3 21. Qxd3 Bg5 22. Qd7 Rd8 23. Qxd8+ Bxd8 24. Rxd8+ Kg7 25. Kf1 Qe7 26. Rd1 Qb4 27. Rd8 Qxe4 28. Rg8+ Kxg8 29. Nf6+ Kg7 30. Nxe4 f5 31. Nd6 b5 32. b4 Kf8 33. Ke2 Ke7 34. Nb7 e4 35. Ke3 g5 36. Nc5 Kd6 37. Nxe4+ fxe4 38. Kxe4 Ke6 39. g4 h6 40. f4 gxf4 41. Kxf4 Kf6 42. h4 Kg6 43. g5 1-0

[Event "Portuguese-ch U14-20 2022"]
[Site "Fatima"]
[Date "2022.04.12"]
[Round "4.38"]
[White "Fernandes, Tiago Joao Carneiro"]
[Black "Cordeiro, Joao Pedro Pereira"]
[Result "0-1"]
[ECO "C54"]
[WhiteElo "1336"]
[BlackElo "1178"]
[Annotator "NA RC"]
[PlyCount "146"]
[EventDate "2022.04.10"]
[EventType "swiss"]
[EventCountry "POR"]
[SourceTitle "playchess.com"]
[Source "ChessBase"]
[SourceQuality "1"]
[TimeControl "5400+30"]

1. e4 e5 2. Nf3 Nc6 3. Bc4 Bc5 4. c3 Nf6 5. d3 h6 6. Bb3 O-O 7. Nbd2 d6 8. Nf1 Be6 9. Bc2 d5 10. Qe2 Ng4 11. Ne3 dxe4 12. dxe4 Qd7 13. O-O a6 14. h3 Nxe3 15. Bxe3 Qe7 16. a4 Bxe3 17. Qxe3 Bc4 18. Rfd1 Rfd8 19. Nd2 Be6 20. a5 Rd7 21. b4 Rad8 22. Qe2 Qg5 23. Nf3 Rxd1+ 24. Rxd1 Rxd1+ 25. Qxd1 Qe7 26. Qe2 f6 27. Nd2 Na7 28. Ba4 Bd7 29. Qc4+ Be6 30. Qd3 Qd6 31. Qe3 Nc8 32. Kh2 Bd7 33. Nc4 Qe7 34. Bxd7 Qxd7 35. Qc5 Qe7 36. Qd5+ Qf7 37. Ne3 Qxd5 38. Nxd5 c6 39. Nb6 Nxb6 40. axb6 Kf7 41. Kg3 Ke6 42. c4 c5 43. bxc5 Kd7 44. f4 Kc6 45. f5 Kxc5 46. Kh4 a5 47. Kh5 a4 48. Kg6 a3 49. Kxg7 a2 50. Kxf6 a1=Q 51. Ke7 Qd4 52. f6 Qd6+ 53. Kf7 Qd7+ 54. Kg8 Kd4 55. f7 Qe6 56. Kg7 Qe7 57. g4 Kxe4 58. Kg8 Kd4 59. f8=Q Qxf8+ 60. Kxf8 e4 61. h4 e3 62. Kg7 e2 63. Kxh6 e1=Q 64. h5 Qe6+ 65. Kg5 Qg8+ 66. Kh4 Qxc4 67. h6 Qg8 68. g5 Qg6 69. Kg4 Kc5 70. Kf4 Kxb6 71. h7 Qxh7 72. Ke5 Qg7+ 73. Kf5 Kc5 0-1

[Event "Portuguese-ch U14-20 2022"]
[Site "Fatima"]
[Date "2022.04.12"]
[Round "4.39"]
[White "Mendes, Simao Pedro Garcia"]
[Black "Cabral, Guilherme"]
[Result "1/2-1/2"]
[ECO "D53"]
[WhiteElo "1147"]
[BlackElo "1210"]
[Annotator "NA RC"]
[PlyCount "77"]
[EventDate "2022.04.10"]
[EventType "swiss"]
[EventCountry "POR"]
[SourceTitle "playchess.com"]
[Source "ChessBase"]
[SourceQuality "1"]
[TimeControl "5400+30"]

1. d4 d5 2. c4 e6 3. Nc3 Nf6 4. Bg5 Be7 5. cxd5 Nxd5 6. Bxe7 Qxe7 7. Nxd5 exd5 8. e3 O-O 9. Bd3 Nd7 10. Nf3 Nf6 11. h3 b6 12. O-O Bb7 13. Rc1 Rac8 14. Qe2 c5 15. b3 h6 16. Ba6 cxd4 17. Nxd4 Rxc1 18. Rxc1 Qa3 19. Rc7 Bxa6 20. Rxa7 Bxe2 21. Rxa3 Bd3 22. Ra7 Rc8 23. Rb7 b5 24. Nxb5 Bxb5 25. Rxb5 Rc1+ 26. Kh2 Rc2 27. a4 Rxf2 28. a5 Ra2 29. b4 Kf8 30. Rb6 Ra4 31. a6 Nd7 32. Rb7 Rxa6 33. Rxd7 Rb6 34. Rxd5 Rxb4 35. Kg3 Ke7 36. Ra5 Re4 37. Kf3 Re6 38. g4 Kf6 39. h4 1/2-1/2

[Event "Portuguese-ch U14-20 2022"]
[Site "Fatima"]
[Date "2022.04.12"]
[Round "5.1"]
[White "Santos, Jose Miguel Sereno"]
[Black "Martins, Bruno Andre Leite"]
[Result "0-1"]
[ECO "B30"]
[WhiteElo "1843"]
[BlackElo "2323"]
[Annotator "TA"]
[PlyCount "62"]
[EventDate "2022.04.10"]
[EventType "swiss"]
[EventCountry "POR"]
[SourceTitle "playchess.com"]
[Source "ChessBase"]
[SourceQuality "1"]
[TimeControl "5400+30"]

1. e4 c5 2. Nf3 Nc6 3. Nc3 e5 4. Bc4 g6 5. d3 h6 $1 6. O-O {[%emt 0:01:06] B30: Sicilian: 2...Nc6 3 Bb5, lines without ...g6.} Bg7 7. a4 Nge7 8. Be3 {[%emt 0:01:55] White has an edge.} d6 9. Nh4 O-O {[%emt 0:07:59] [#]} 10. Nd5 $146 (10. h3 $11 {remains equal.}) ({Predecessor:} 10. g3 Bh3 11. Ng2 Kh7 12. f4 Nd4 13. Nd5 f5 14. c3 Ndc6 15. Rf2 b6 16. Qd2 {½-½ (30) Tauber,M (2187)-Pribula,F (2076) Slovakia 2009}) 10... Nxd5 $17 11. Bxd5 (11. exd5 $17 Qxh4 12. dxc6) 11... Qxh4 $19 12. f4 exf4 13. Rxf4 Qe7 14. c3 Be6 {[%emt 0:00:46] [#] Hoping for ...Bxd5. Black is clearly winning.} 15. Qd2 Rae8 16. c4 (16. Bxc6 $142 bxc6 17. Re1) 16... Nd4 17. Raf1 Bxd5 18. cxd5 f5 19. Kh1 fxe4 {[%emt 0:03:03] Strongly threatening ...Rxf4.} 20. dxe4 {[%emt 0:00:22] [#]} Qxe4 $1 21. Bxd4 (21. Rxf8+ Rxf8) 21... Rxf4 22. Rxf4 Qe1+ 23. Qxe1 Rxe1+ {[%emt 0:00:08][%mdl 4096] Endgame KRB-KRB} 24. Bg1 Bd4 25. h3 Bxg1 {[%emt 0:00:35] KRB-KR} 26. Rf3 Bd4+ 27. Kh2 Be5+ 28. g3 Re2+ 29. Kg1 Rxb2 {[%emt 0:00:08] ( -> ...c4)} 30. Kf1 b6 {[%emt 0:00:20] aiming for ...c4.} 31. g4 Rd2 {[%emt 0:00:08] Black took control after the opening.  Weighted Error Value: White=1.19/Black=0.18 (very precise)} 0-1

[Event "Portuguese-ch U14-20 2022"]
[Site "Fatima"]
[Date "2022.04.12"]
[Round "5.2"]
[White "Ribeiro, Orlando"]
[Black "Monteiro, Paulo Alexandre G"]
[Result "0-1"]
[ECO "B70"]
[WhiteElo "1945"]
[BlackElo "2032"]
[Annotator "RC"]
[PlyCount "102"]
[EventDate "2022.04.10"]
[EventType "swiss"]
[EventCountry "POR"]
[SourceTitle "playchess.com"]
[Source "ChessBase"]
[SourceQuality "1"]
[TimeControl "5400+30"]

1. e4 c5 2. Nf3 d6 3. d4 cxd4 4. Nxd4 Nf6 5. Nc3 g6 6. g3 Bg7 7. Bg2 O-O 8. O-O Nc6 9. Nxc6 bxc6 10. e5 dxe5 11. Bxc6 Rb8 12. Qxd8 Rxd8 13. Re1 Ne8 14. Na4 Bf5 15. c4 Nd6 16. b3 Rbc8 17. Bg2 Bd7 18. Nc3 Nf5 19. Ba3 e6 20. Rad1 Nd4 21. Be7 Re8 22. Bg5 Bc6 23. Ne4 Bxe4 24. Bxe4 f5 25. Bg2 e4 26. h4 e5 27. Kf1 Bf8 28. Rb1 a5 29. Red1 Bc5 30. Bd2 Ra8 31. Bc3 Red8 32. g4 Kf7 33. Bd2 Be7 34. h5 Rdc8 35. Bc3 Bc5 36. a3 Bb6 37. Rdc1 Rc6 38. Bd2 Rac8 39. Ke1 Bd8 40. hxg6+ hxg6 41. Bc3 a4 42. Bxd4 exd4 43. gxf5 gxf5 44. Bf1 d3 45. bxa4 Rxc4 46. Rb7+ Ke6 47. Rxc4 Rxc4 48. Kd1 Bg5 49. Rb6+ Ke5 50. Rb5+ Kd6 51. Rb1 Rc2 0-1

[Event "Portuguese-ch U14-20 2022"]
[Site "Fatima"]
[Date "2022.04.12"]
[Round "5.3"]
[White "Machado, Tomas Dias"]
[Black "Oliveira, Beatriz Correia"]
[Result "1/2-1/2"]
[ECO "B01"]
[WhiteElo "2030"]
[BlackElo "1558"]
[Annotator "RC"]
[PlyCount "84"]
[EventDate "2022.04.10"]
[EventType "swiss"]
[EventCountry "POR"]
[SourceTitle "playchess.com"]
[Source "ChessBase"]
[SourceQuality "1"]
[TimeControl "5400+30"]

1. e4 d5 2. exd5 Qxd5 3. Nc3 Qa5 4. d4 c6 5. Nf3 Nf6 6. Bc4 Bf5 7. Ne5 e6 8. g4 Be4 9. O-O Bd5 10. Bd3 Bd6 11. f4 a6 12. Bd2 Qc7 13. Qe2 c5 14. Nxd5 Nxd5 15. c4 Ne7 16. d5 exd5 17. cxd5 b5 18. Rae1 c4 19. Bc2 Nd7 20. Nc6 Nb6 21. Ba5 Bc5+ 22. Kg2 Ra7 23. Nxa7 Qxa7 24. Bxb6 Qxb6 25. Qe4 Bd6 26. a4 Kd7 27. Re2 Qc5 28. Rd1 h5 29. g5 h4 30. h3 f6 31. Qe6+ Kc7 32. Qf7 Kb6 33. a5+ Kxa5 34. Ra1+ Kb6 35. Re6 Qxd5+ 36. Be4 Qd2+ 37. Kf1 Qxf4+ 38. Ke1 Qe3+ 39. Kd1 Qg1+ 40. Kc2 Qf2+ 41. Kb1 Qe1+ 42. Ka2 Qa5+ 1/2-1/2

[Event "Portuguese-ch U14-20 2022"]
[Site "Fatima"]
[Date "2022.04.12"]
[Round "5.4"]
[White "Leao, Tiago Miguel Da Silv"]
[Black "Cunha, Alexandre Rodrigo Vi"]
[Result "1-0"]
[ECO "C47"]
[WhiteElo "2131"]
[BlackElo "1603"]
[Annotator "TA"]
[PlyCount "115"]
[EventDate "2022.04.10"]
[EventType "swiss"]
[EventCountry "POR"]
[SourceTitle "playchess.com"]
[Source "ChessBase"]
[SourceQuality "1"]
[TimeControl "5400+30"]

1. e4 e5 2. Nf3 Nc6 3. Nc3 Nf6 4. a3 Bc5 5. Nxe5 Nxe5 6. d4 {[%emt 0:00:09] C47: Scotch Four Knights and Four Knights with 4 g3.} Bxd4 7. Qxd4 $16 Nc6 8. Qd3 {[%emt 0:00:08] &Bianco is more active. White is better.} d6 9. Bf4 {[%emt 0:02:17] [#]} Bg4 $146 ({Predecessor:} 9... O-O 10. O-O-O Be6 11. h4 Ng4 12. Qd2 Nce5 13. f3 Nf6 14. Qf2 Qe7 15. g4 c6 {0-1 (31) Haenselmann,H (1828)-Aumueller,N (1622) Playchess.com INT 2020}) 10. f3 Bh5 (10... Be6 $16) 11. O-O-O Qe7 12. g4 Bg6 13. Qb5 O-O-O 14. h4 h5 15. g5 Nd7 16. Nd5 Qe8 (16... Qf8 17. Bh3 Kb8 18. Bxd7 Rxd7) 17. Bh3 {[%emt 0:11:01][%cal Od5c7] And now Nxc7! would win.} Kb8 {[%emt 0:09:01] [#]} 18. Nxc7 $1 Kxc7 (18... Nde5 19. Nxe8) 19. Rxd6 Nde5 {[%emt 0:00:27] [#]} 20. Rxc6+ $1 {[%emt 0:00:32][%mdl 576] Remove Defender, Deflection} Qxc6 (20... Kb8 21. Qxe5+) 21. Bxe5+ {[%emt 0:01:44] A strong pair of Bishops.} Rd6 22. Qa5+ Qb6 23. Qxb6+ (23. Bxd6+ $142 Kd8 24. Qe5 f5 25. gxf6 Qe3+ 26. Kb1 Qc1+ 27. Rxc1 Bf5 28. Qe7+ Kc8 29. Bxf5#) 23... axb6 $18 24. Rd1 Rhd8 25. Rxd6 Rxd6 26. Bxd6+ Kxd6 {[%emt 0:00:07][%mdl 4096] Endgame KB-KB} 27. Kd2 b5 (27... f6 $142 28. gxf6 gxf6) 28. Ke3 f6 29. gxf6 gxf6 30. Kd4 b6 31. Bf1 Be8 32. f4 Ke6 33. Be2 Kd6 34. c4 bxc4 35. Bxc4 Bg6 36. b4 Be8 37. e5+ fxe5+ 38. fxe5+ {[%emt 0:00:05] White mates.} Kc6 39. a4 Kc7 40. Bb5 Bf7 41. Ke4 Kd8 42. Kf5 Ke7 43. Bc6 Be6+ 44. Ke4 Bc8 45. a5 bxa5 46. bxa5 Ke6 47. Bd5+ Ke7 {[%emt 0:03:34] [#]} 48. Kf4 $1 Ba6 49. Kg5 Be2 50. Bb7 Ke6 51. a6 Bxa6 52. Bxa6 Kxe5 {[%emt 0:00:06] KB-KP} 53. Be2 Ke6 54. Kg6 Ke7 55. Kg7 Ke6 56. Bxh5 Kf5 57. Bg6+ Kg4 58. h5 {[%emt 0:00:04] Black got outplayed after the opening.  Weighted Error Value: White=0.54/Black=0.86} 1-0

[Event "Portuguese-ch U14-20 2022"]
[Site "Fatima"]
[Date "2022.04.12"]
[Round "5.5"]
[White "Marques, Joao Goncalo B A"]
[Black "Paiva, Manuel Maria Fonseca"]
[Result "1-0"]
[ECO "B12"]
[WhiteElo "1418"]
[BlackElo "1370"]
[Annotator "NA RC"]
[PlyCount "45"]
[EventDate "2022.04.10"]
[EventType "swiss"]
[EventCountry "POR"]
[SourceTitle "playchess.com"]
[Source "ChessBase"]
[SourceQuality "1"]
[TimeControl "5400+30"]

1. e4 c6 2. d4 d5 3. e5 Bf5 4. Nf3 e6 5. Be2 c5 6. Be3 Nc6 7. O-O cxd4 8. Nxd4 Nxe5 9. Nxf5 exf5 10. Bb5+ Nc6 11. Re1 Be7 12. c4 dxc4 13. Qa4 Qd6 14. Nc3 Nf6 15. Rad1 Qc7 16. Bf4 Qxf4 17. Bxc6+ Kf8 18. Rxe7 Kxe7 19. Qb4+ Ke6 20. Re1+ Ne4 21. Bxe4 Qd2 22. Bd5+ Kf6 23. Ne4+ 1-0

[Event "Portuguese-ch U14-20 2022"]
[Site "Fatima"]
[Date "2022.04.12"]
[Round "5.6"]
[White "Voges, Guilherme"]
[Black "Gage, Daniel"]
[Result "1-0"]
[ECO "A00"]
[WhiteElo "1657"]
[BlackElo "1752"]
[Annotator "NA RC"]
[PlyCount "51"]
[EventDate "2022.04.10"]
[EventType "swiss"]
[EventCountry "POR"]
[SourceTitle "playchess.com"]
[Source "ChessBase"]
[SourceQuality "1"]
[TimeControl "5400+30"]

1. g3 d5 2. Bg2 Nf6 3. d3 Bf5 4. Nf3 c6 5. O-O Nbd7 6. c4 e6 7. cxd5 exd5 8. Re1 h6 9. e4 dxe4 10. dxe4 Bh7 11. Nc3 Bb4 12. Qb3 Qb6 13. Be3 Qa5 14. e5 Bxc3 15. exf6 Bxe1 16. fxg7 Bxf2+ 17. Bxf2 Rg8 18. Re1+ Kd8 19. Qxf7 Kc7 20. Bh3 Qd5 21. Qxd5 cxd5 22. Re7 Rad8 23. Nd4 a6 24. Be3 Rge8 25. Bf4+ Kc8 26. Bxd7+ 1-0

[Event "Portuguese-ch U14-20 2022"]
[Site "Fatima"]
[Date "2022.04.12"]
[Round "5.7"]
[White "Maciel, Rafael"]
[Black "Teves, Pedro"]
[Result "0-1"]
[ECO "B24"]
[WhiteElo "1665"]
[BlackElo "1390"]
[Annotator "NA RC"]
[PlyCount "68"]
[EventDate "2022.04.10"]
[EventType "swiss"]
[EventCountry "POR"]
[SourceTitle "playchess.com"]
[Source "ChessBase"]
[SourceQuality "1"]
[TimeControl "5400+30"]

1. e4 c5 2. Nc3 Nc6 3. g3 d6 4. Bg2 g6 5. d3 e5 6. f4 Bg7 7. Nf3 Nge7 8. O-O O-O 9. Be3 Be6 10. Ng5 Bd7 11. f5 f6 12. fxg6 fxg5 13. gxh7+ Kxh7 14. Qh5+ Kg8 15. Bxg5 Qe8 16. Qh4 Ng6 17. Qh5 Nce7 18. Qe2 Be6 19. h4 Qd7 20. h5 Bg4 21. Bf3 Bxf3 22. Rxf3 Rxf3 23. Qxf3 Rf8 24. Qe2 Nh8 25. Kg2 Bf6 26. Be3 Nf7 27. Rf1 Bg7 28. g4 Nh6 29. Rxf8+ Kxf8 30. Qf3+ Kg8 31. g5 Nf7 32. g6 Nh8 33. h6 Nexg6 34. hxg7 Nh4+ 0-1

[Event "Portuguese-ch U14-20 2022"]
[Site "Fatima"]
[Date "2022.04.12"]
[Round "5.8"]
[White "Rodrigues, Guilherme Eufrasio"]
[Black "Lanca, Luis"]
[Result "0-1"]
[ECO "A24"]
[WhiteElo "1171"]
[BlackElo "1316"]
[Annotator "NA RC"]
[PlyCount "138"]
[EventDate "2022.04.10"]
[EventType "swiss"]
[EventCountry "POR"]
[SourceTitle "playchess.com"]
[Source "ChessBase"]
[SourceQuality "1"]
[TimeControl "5400+30"]

1. c4 e5 2. g3 Nf6 3. Nc3 g6 4. Bg2 Bg7 5. Nf3 Nc6 6. d3 d6 7. O-O O-O 8. Rb1 Re8 9. Nd2 Nd4 10. e3 Nf5 11. b4 c6 12. a4 Qc7 13. b5 Be6 14. bxc6 bxc6 15. Nde4 Nxe4 16. Nxe4 h6 17. Ba3 Bf8 18. Nf6+ Kg7 19. Nxe8+ Rxe8 20. Qd2 c5 21. Rb7 Qd8 22. Rfb1 Qg5 23. f4 exf4 24. Bb2+ Kg8 25. Qc3 Bg7 26. exf4 Qg4 27. Qe1 Bd7 28. Qd1 Qxd1+ 29. Rxd1 Bxa4 30. Ra1 Bc2 31. Bxg7 Kxg7 32. Bd5 Ne7 33. Be4 Ng8 34. Raxa7 Rf8 35. h4 h5 36. Bd5 Nh6 37. Rd7 Bxd3 38. Rxd6 Nf5 39. Rdd7 Nh6 40. Rac7 Bf5 41. Re7 Kf6 42. Kf1 Bd3+ 43. Ke1 Bf5 44. Kd2 Bb1 45. Kc1 Bf5 46. Kb2 Rb8+ 47. Ka3 Rf8 48. Ka4 Be6 49. Bxe6 fxe6 50. Rb7 Nf5 51. Rec7 Ra8+ 52. Ra7 Rxa7+ 53. Rxa7 Nxg3 54. Kb5 Ne4 55. Ra1 Kf5 56. Re1 Kxf4 57. Rxe4+ Kxe4 58. Kxc5 Kf4 59. Kd6 e5 60. c5 e4 61. c6 e3 62. c7 e2 63. c8=Q e1=Q 64. Qf8+ Kg3 65. Qb8 Kxh4 66. Qd8+ g5 67. Kc5 Qe3+ 68. Kc4 Kg3 69. Qf8 Qf4+ 0-1